[Event "Titled Tuesday Blitz May 16 Early 2023"]
[White "Bluebaum, Matthias"]
[Black "Andreev, Konstantin"]
[WhiteFideId "24651516"]
[BlackFideId "24239305"]
[WhiteElo "2639"]
[BlackElo "2106"]
[Result "1-0"]
[Round "05"]
[TimeControl "180+2"]
[Date "2023.05.16"]
[WhiteClock "0:01:52"]
[BlackClock "0:01:00"]

1. d4 Nf6 2. c4 e6 3. Nc3 Bb4 4. e3 O-O 5. Bd2 Re8 6. Nf3 b6 7. Bd3 Bb7 8. Qc2 Bf8 9. e4 d5 10. cxd5 exd5 11. e5 Ne4 12. Nxe4 dxe4 13. Bxe4 Bxe4 14. Qxe4 Na6 15. O-O Qd7 16. Bc3 Nb4 17. Bxb4 Bxb4 18. d5 Bc5 19. b4 Bf8 20. Qc4 Red8 21. Rad1 b5 22. Qb3 a5 23. bxa5 Rxa5 24. e6 Qd6 25. Ng5 Ra3 26. Qc2 g6 27. Nxf7 1-0


[Site "https://www.chess.com"]

[Event "Titled Tuesday Blitz May 16 Early 2023"]
[White "Czerw, Dawid"]
[Black "caropawn10"]
[WhiteFideId "1145746"]
[WhiteElo "2144"]
[BlackElo "2703"]
[Result "1-0"]
[Round "05"]
[TimeControl "180+2"]
[Date "2023.05.16"]
[WhiteClock "0:00:03"]
[BlackClock "0:00:01"]

1. e4 c6 2. Nc3 d5 3. Qf3 dxe4 4. Nxe4 Nf6 5. Bc4 Nbd7 6. d4 e6 7. Ne2 Be7 8. Bd2 O-O 9. O-O-O a5 10. g4 Nxe4 11. Qxe4 Nf6 12. Qf3 b5 13. Bd3 Qd5 14. Qh3 Qxa2 15. Nc3 Qa1+ 16. Nb1 a4 17. g5 a3 18. Bc3 e5 19. Qh4 a2 20. gxf6 g6 21. fxe7 Re8 22. Kd2 b4 23. Bxb4 Qxb2 24. Bc3 a1=Q 25. Bxb2 Qxb2 26. dxe5 Be6 27. Nc3 c5 28. Ne4 Qxe5 29. Nf6+ Kg7 30. Nxe8+ Rxe8 31. Rhe1 Qd6 32. Ke2 Qe5+ 33. Kf1 Qd5 34. Be4 Qc4+ 35. Kg1 Rxe7 36. Qf4 Qc3 37. Qe3 Qf6 38. Qf3 Qxf3 39. Bxf3 Kf6 40. Rd6 Rc7 41. Bd5 c4 42. Bxe6 fxe6 43. Rdxe6+ Kf5 44. R6e5+ Kf4 45. Kg2 1-0


[Site "https://www.chess.com"]

[Event "Titled Tuesday Blitz May 16 Early 2023"]
[White "Ivic, Velimir"]
[Black "vlajkovicS"]
[WhiteFideId "950122"]
[WhiteElo "2563"]
[BlackElo "2604"]
[Result "1-0"]
[Round "05"]
[TimeControl "180+2"]
[Date "2023.05.16"]
[WhiteClock "0:02:19"]
[BlackClock "0:01:55"]

1. e4 e6 2. d4 a6 3. Nc3 b5 4. Bd3 Bb7 5. Nf3 b4 6. Ne2 c5 7. c3 a5 8. O-O Nf6 9. Ng3 h5 10. e5 h4 11. Nf5 h3 12. exf6 hxg2 13. Re1 Qxf6 14. Bg5 Bxf3 15. Qxf3 Qxg5 16. Qxa8 f6 17. Qxb8+ Kf7 18. Qg3 Qh5 19. Nd6+ Kg8 20. Bg6 Qd5 21. Bf7+ 1-0


[Site "https://www.chess.com"]

[Event "Titled Tuesday Blitz May 16 Early 2023"]
[White "Piesik, Piotr"]
[Black "Salinas Herrera, Pablo"]
[WhiteFideId "1136194"]
[BlackFideId "3407128"]
[WhiteElo "2299"]
[BlackElo "2546"]
[Result "0-1"]
[Round "05"]
[TimeControl "180+2"]
[Date "2023.05.16"]
[WhiteClock "0:00:29"]
[BlackClock "0:00:23"]

1. Nf3 d5 2. g3 Nf6 3. Bg2 e6 4. O-O Bd6 5. d3 O-O 6. Nbd2 c6 7. e4 e5 8. Qe2 Re8 9. a4 a5 10. Nb3 Nbd7 11. Bd2 h6 12. Bc3 Qc7 13. Nh4 b6 14. Nf5 Bf8 15. Rfe1 Ba6 16. Qf3 d4 17. Bd2 c5 18. Bf1 c4 19. dxc4 Bxc4 20. Bd3 Rac8 21. Rec1 Qc6 22. Bxc4 Qxc4 23. Qd3 Qc6 24. f3 Qe6 25. Be1 Rc6 26. Nd2 Rec8 27. Kg2 g6 28. Nh4 Bb4 29. Kg1 R8c7 30. Ng2 Nb8 31. Nb3 Bxe1 32. Nxe1 Nbd7 33. Qd2 Kg7 34. Nd3 h5 35. Ne1 Rc4 36. Qg5 Nh7 37. Qd2 Rb4 38. Nd3 Rbc4 39. Qd1 Ndf6 40. Nd2 R4c6 41. b3 Rc3 42. Nc4 Nd7 43. h4 Qf6 44. Kg2 Nhf8 45. Qd2 Ne6 46. Rh1 Nec5 47. Nxc5 Nxc5 48. Ra2 Qxf3+ 0-1


[Site "https://www.chess.com"]

[Event "Titled Tuesday Blitz May 16 Early 2023"]
[White "Harsh Suresh"]
[Black "Jaskolka, Tomasz"]
[WhiteFideId "45018464"]
[BlackFideId "1170791"]
[WhiteElo "2209"]
[BlackElo "2155"]
[Result "1-0"]
[Round "05"]
[TimeControl "180+2"]
[Date "2023.05.16"]
[WhiteClock "0:00:52"]
[BlackClock "0:00:09"]

1. e4 d5 2. exd5 Nf6 3. Be2 Nxd5 4. d4 c6 5. Nf3 Bf5 6. O-O e6 7. c4 Nf6 8. Nc3 Be7 9. h3 Nbd7 10. Bf4 O-O 11. Qb3 Qb6 12. Rfc1 Qxb3 13. axb3 a6 14. Ne5 Nxe5 15. Bxe5 Rfd8 16. g4 Bg6 17. Bf3 h5 18. Kg2 hxg4 19. hxg4 Nd7 20. Bc7 Rdc8 21. Bg3 Bf6 22. d5 exd5 23. cxd5 Ne5 24. Bxe5 Bxe5 25. dxc6 bxc6 26. Ra5 Bf4 27. Rca1 Bd3 28. R1a4 Bc1 29. Rd4 Bb5 30. Nxb5 axb5 31. Rxa8 Rxa8 32. Bxc6 Bxb2 33. Rd2 Rc8 34. Bxb5 Bc3 35. Rd7 Be5 36. Bc4 Rf8 37. g5 g6 38. Kf3 Kg7 39. b4 Bc3 40. b5 Ba5 41. Kg4 Bb6 42. f4 Bg1 43. Bd5 Bf2 44. Kf3 Bg1 45. Ke2 Re8+ 46. Kf1 Be3 47. Rxf7+ Kh8 48. Rf6 Kg7 49. b6 Rb8 50. b7 Ba7 51. Rf7+ Kh8 52. Rc7 Be3 53. Rc8+ Kh7 54. Rxb8 Bxf4 55. Rf8 Bxg5 56. b8=Q Be7 57. Rf7+ Kh6 58. Rxe7 g5 59. Qd6+ Kh5 60. Bf3+ Kh4 61. Rh7# 1-0


[Site "https://www.chess.com"]

[Event "Titled Tuesday Blitz May 16 Early 2023"]
[White "Pakleza, Zbigniew"]
[Black "Asavasaetakul, Chawit"]
[WhiteFideId "1119290"]
[BlackFideId "6204856"]
[WhiteElo "2410"]
[BlackElo "1919"]
[Result "1-0"]
[Round "05"]
[TimeControl "180+2"]
[Date "2023.05.16"]
[WhiteClock "0:00:03"]
[BlackClock "0:00:13"]

1. d4 d5 2. Bf4 c6 3. e3 Qb6 4. Qc1 Bf5 5. c4 e6 6. Nc3 Nd7 7. Nf3 Ngf6 8. h3 Be7 9. c5 Qd8 10. b4 Ne4 11. Be2 O-O 12. O-O Re8 13. Nxe4 Bxe4 14. Nd2 Bg6 15. Bh2 Nf6 16. b5 Ne4 17. Nxe4 Bxe4 18. bxc6 bxc6 19. Ba6 Qd7 20. Qb2 f6 21. Qb7 Rad8 22. Rac1 e5 23. dxe5 Qe6 24. exf6 Rd7 25. Qb2 Bxf6 26. Qe2 Rf7 27. Bd3 d4 28. Rfe1 Qd5 29. Bc4 d3 30. Bxd5 dxe2 31. Bxf7+ Kxf7 32. Rxe2 Bd5 33. Rd2 Re4 34. f3 Ra4 35. Rcc2 Ke6 36. e4 Bc4 37. Rd6+ Ke7 38. Rxc6 Bb5 39. Rc7+ Ke6 40. c6 Bd4+ 41. Kh1 Rb4 42. Rc1 Be3 43. Re1 Bf2 44. Rd1 Be2 45. Rd6# 1-0


[Site "https://www.chess.com"]

[Event "Titled Tuesday Blitz May 16 Early 2023"]
[White "Aydincelebi, Kagan"]
[Black "Colbow, Collin"]
[WhiteFideId "6361102"]
[BlackFideId "16201132"]
[WhiteElo "2180"]
[BlackElo "2351"]
[Result "1-0"]
[Round "05"]
[TimeControl "180+2"]
[Date "2023.05.16"]
[WhiteClock "0:00:18"]
[BlackClock "0:00:00"]

1. e4 d5 2. exd5 Qxd5 3. Nc3 Qd8 4. d4 Nf6 5. Nf3 Bg4 6. h3 Bxf3 7. Qxf3 c6 8. Be3 e6 9. O-O-O Nbd7 10. g4 Nb6 11. g5 Nfd5 12. Ne4 Nxe3 13. fxe3 Be7 14. h4 Qd5 15. Kb1 Nc4 16. Bxc4 Qxc4 17. Rhf1 Rf8 18. Qh5 h6 19. gxh6 g6 20. Qe5 O-O-O 21. h7 Qd5 22. Qxd5 cxd5 23. Ng5 Bxg5 24. hxg5 Rd7 25. Rf4 Rh8 26. Rh1 Kd8 27. Kc1 Ke8 28. Kd2 f5 29. gxf6 Rdxh7 30. Rg1 Kf7 31. Kd3 Rh2 32. Rfg4 Rc8 33. c3 Rg8 34. Rf1 Rxb2 35. Rh4 g5 36. Rh7+ Kg6 37. Re7 Rb6 38. e4 dxe4+ 39. Kxe4 Rc6 40. Kd3 Rf8 41. Rg7+ Kh5 42. f7 Kg4 43. Rg1+ Kf4 44. R1xg5 Rxf7 45. Rxf7+ Kxg5 46. Rxb7 Ra6 47. Rb2 Kf6 48. Ke4 Ke7 49. c4 Kd6 50. c5+ Kc6 51. Ke5 Ra4 52. Rh2 a5 53. Rh6 Kd7 54. Rxe6 Rxa2 55. Kd5 1-0


[Site "https://www.chess.com"]

[Event "Titled Tuesday Blitz May 16 Early 2023"]
[White "Bryakin, Mikhail"]
[Black "Baghdasaryan, Vahe"]
[WhiteFideId "4165314"]
[BlackFideId "13303139"]
[WhiteElo "2467"]
[BlackElo "2216"]
[Result "1-0"]
[Round "05"]
[TimeControl "180+2"]
[Date "2023.05.16"]
[WhiteClock "0:00:11"]
[BlackClock "0:00:04"]

1. e4 c5 2. Nf3 Nc6 3. Bb5 d6 4. O-O Bd7 5. Re1 a6 6. Bf1 Nf6 7. c3 Bg4 8. h3 Bxf3 9. Qxf3 e6 10. g3 Be7 11. Bg2 O-O 12. Qe2 d5 13. e5 Nd7 14. f4 c4 15. d4 cxd3 16. Qxd3 b5 17. Kh2 Nc5 18. Qe2 b4 19. Be3 Rc8 20. Nd2 bxc3 21. bxc3 Na4 22. Rac1 Na5 23. Bd4 Nc4 24. Nb3 Nc5 25. g4 Qd7 26. Rf1 Qa4 27. Nxc5 Bxc5 28. f5 Bxd4 29. cxd4 Rb8 30. fxe6 fxe6 31. g5 Qa3 32. Qg4 Qe7 33. h4 Rxf1 34. Bxf1 Rb2+ 35. Kh3 Rxa2 36. Bxc4 dxc4 37. Rc3 Ra3 38. Qf3 Rxc3 39. Qxc3 Qc7 40. h5 g6 41. h6 a5 42. Kh4 Qc6 43. Kg3 a4 44. Qa3 c3 45. Qe7 Qc7 46. Qxc7 c2 47. Qg7# 1-0


[Site "https://www.chess.com"]

[Event "Titled Tuesday Blitz May 16 Early 2023"]
[White "Cherniaiev, Tykhon"]
[Black "Tasev, Dejan"]
[WhiteFideId "14182360"]
[BlackFideId "936618"]
[WhiteElo "2450"]
[BlackElo "2244"]
[Result "0-1"]
[Round "05"]
[TimeControl "180+2"]
[Date "2023.05.16"]
[WhiteClock "0:00:07"]
[BlackClock "0:00:30"]

1. Nf3 Nf6 2. d4 g6 3. c4 Bg7 4. Nc3 O-O 5. e4 d6 6. Be2 e5 7. dxe5 dxe5 8. Qxd8 Rxd8 9. Bg5 Re8 10. Nd5 Nxd5 11. cxd5 c6 12. Bc4 cxd5 13. Bxd5 Nc6 14. a3 Be6 15. Bxe6 Rxe6 16. O-O f6 17. Be3 Rd8 18. Rfd1 Red6 19. Rxd6 Rxd6 20. Rc1 Kf7 21. Nd2 Rd7 22. Kf1 Bf8 23. Nb3 Ke6 24. Bc5 Bh6 25. Rc2 a6 26. Ke2 Kf7 27. Be3 Bf8 28. f3 Be7 29. Bc5 Bd8 30. Be3 Be7 31. Nc5 Bxc5 32. Rxc5 Ke6 33. b4 h5 34. b5 axb5 35. Rxb5 Kd6 36. Bb6 Ke6 37. a4 f5 38. a5 Kd6 39. h3 Ke6 40. Bc5 Rc7 41. Rb6 Kd7 42. a6 bxa6 43. Rxa6 Rb7 44. Ra2 Ke6 45. Be3 fxe4 46. fxe4 Rb4 47. Ra6 Kd7 48. Kf3 Rb3 49. Ke2 Kc7 50. Ra2 Kd6 51. Rd2+ Ke6 52. Rc2 Nd4+ 53. Bxd4 exd4 54. Rc6+ Ke5 55. Rxg6 Kxe4 56. Re6+ Kd5 57. Rh6 Rb2+ 58. Kd3 Rb3+ 59. Kd2 Rg3 60. Rxh5+ Kc4 61. Re5 Rxg2+ 62. Re2 Rg3 63. Rh2 Ra3 64. Re2 Rxh3 65. Kd1 Ra3 66. Rc2+ Kd5 67. Rh2 Ra1+ 68. Ke2 Ra2+ 69. Kd3 Ra3+ 70. Kd2 Kc4 71. Kd1 Ra1+ 72. Ke2 Ra2+ 73. Kf3 Rxh2 74. Kg3 Re2 75. Kf3 Re8 76. Kf2 d3 77. Kf3 d2 78. Kf2 d1=Q 79. Kg2 Qd7 80. Kh2 Re6 81. Kh1 Qf7 82. Kh2 Rg6 83. Kh1 Qh7# 0-1


[Site "https://www.chess.com"]

[Event "Titled Tuesday Blitz May 16 Early 2023"]
[White "Demin, Vladimir"]
[Black "Sieciechowicz, Marcin"]
[WhiteFideId "4167457"]
[BlackFideId "1130170"]
[WhiteElo "2546"]
[BlackElo "2302"]
[Result "0-1"]
[Round "05"]
[TimeControl "180+2"]
[Date "2023.05.16"]
[WhiteClock "0:00:42"]
[BlackClock "0:01:04"]

1. d4 d5 2. Nc3 c6 3. Bf4 Nf6 4. e3 Bg4 5. f3 Bh5 6. g4 Bg6 7. h4 h5 8. g5 Nfd7 9. Bd3 Bxd3 10. Qxd3 g6 11. O-O-O Bg7 12. e4 e6 13. Nge2 O-O 14. exd5 cxd5 15. Nb5 Na6 16. Bd6 Re8 17. f4 Nb6 18. b3 Qd7 19. Ng1 Rac8 20. Nf3 Nc4 21. bxc4 dxc4 22. Qa3 Qxb5 23. Ne5 Red8 24. d5 exd5 25. f5 c3 26. f6 Rxd6 27. fxg7 Rb6 28. Qb3 Qc5 29. Rxd5 Qe3+ 30. Kb1 Rxb3+ 31. axb3 Nb4 0-1


[Site "https://www.chess.com"]

[Event "Titled Tuesday Blitz May 16 Early 2023"]
[White "Panesar Vedant"]
[Black "Kuzmin, Roman"]
[WhiteFideId "35033018"]
[BlackFideId "44134932"]
[WhiteElo "2347"]
[BlackElo "2122"]
[Result "1-0"]
[Round "05"]
[TimeControl "180+2"]
[Date "2023.05.16"]
[WhiteClock "0:00:21"]
[BlackClock "0:00:07"]

1. e4 c5 2. Nf3 d6 3. d4 cxd4 4. Nxd4 Nf6 5. Nc3 a6 6. f3 e6 7. Be3 b6 8. Qd2 Bb7 9. O-O-O Nbd7 10. g4 Rc8 11. h4 Ne5 12. g5 Nfd7 13. f4 Nc4 14. Bxc4 Rxc4 15. h5 Qc7 16. g6 Rxc3 17. gxf7+ Kxf7 18. Qxc3 Qxc3 19. bxc3 Bxe4 20. Rhf1 g6 21. Nf3 Be7 22. Bd4 Rc8 23. Ng5+ Bxg5 24. fxg5+ Bf5 25. hxg6+ hxg6 26. Kb2 e5 27. Be3 Ke6 28. Rh1 b5 29. Rh7 b4 30. cxb4 Rxc2+ 31. Ka1 Re2 32. Bg1 d5 33. Rh2 Rxh2 34. Bxh2 Nb6 35. Kb2 d4 36. Kb3 Kd5 37. a4 Bd7 38. b5 axb5 39. a5 Nc4 40. a6 Bc6 41. Kb4 e4 42. Bg1 e3 43. a7 Ke4 44. Kc5 Ba8 45. Rxd4+ Ke5 46. Bxe3 Nxe3 47. Rd8 Be4 48. Re8+ Kf5 49. Rxe4 Kxe4 50. a8=Q+ Kf5 51. Kxb5 Kxg5 52. Qf3 Nf5 53. Kc5 Kf6 54. Qf4 Ke6 55. Qe4+ Kf6 56. Kd5 Kg5 57. Ke5 Kh6 58. Qf4+ Kg7 59. Ke6 Kh7 60. Qg5 Ng7+ 61. Kf7 Kh8 62. Qh6# 1-0


[Site "https://www.chess.com"]

[Event "Titled Tuesday Blitz May 16 Early 2023"]
[White "Janaszak, Dawid"]
[Black "Bondau"]
[WhiteFideId "1119206"]
[WhiteElo "2220"]
[BlackElo "2769"]
[Result "0-1"]
[Round "05"]
[TimeControl "180+2"]
[Date "2023.05.16"]
[WhiteClock "0:00:00"]
[BlackClock "0:00:10"]

1. e4 c5 2. Nc3 d6 3. f4 Nf6 4. Nf3 Nc6 5. Bc4 e6 6. O-O Be7 7. d4 cxd4 8. Nxd4 O-O 9. Kh1 a6 10. Be3 Nxd4 11. Bxd4 b5 12. Bd3 Bb7 13. Qe2 Rc8 14. Rae1 Nd7 15. Rf3 g6 16. Rh3 Bf6 17. e5 dxe5 18. fxe5 Bg7 19. Be4 Bxe4 20. Qxe4 Rc4 21. Qe3 Qc7 22. b3 Rc6 23. Qg3 b4 24. Ne4 Rxc2 25. Qh4 h5 26. g4 Qd8 27. gxh5 Qxh4 28. Rxh4 Bxe5 29. Bxe5 Nxe5 30. Nf6+ Kg7 31. Rf4 Nd3 32. h6+ Kxh6 33. Rh4+ Kg5 34. Nh7+ Kxh4 35. Re4+ Kh5 36. Re5+ Nxe5 0-1


[Site "https://www.chess.com"]

[Event "Titled Tuesday Blitz May 16 Early 2023"]
[White "Hirneise, Jens"]
[Black "Postny, Evgeny"]
[WhiteFideId "24614734"]
[BlackFideId "2804344"]
[WhiteElo "2345"]
[BlackElo "2504"]
[Result "0-1"]
[Round "05"]
[TimeControl "180+2"]
[Date "2023.05.16"]
[WhiteClock "0:00:25"]
[BlackClock "0:00:17"]

1. d4 c5 2. e3 g6 3. Nf3 Bg7 4. Be2 Nf6 5. O-O O-O 6. b3 cxd4 7. exd4 d5 8. Bb2 Nc6 9. Re1 Bf5 10. Nbd2 Nb4 11. Rc1 Nxa2 12. Ra1 Nb4 13. Rc1 Rc8 14. c3 Na2 15. Ra1 Nxc3 16. Bxc3 Rxc3 17. Rxa7 Qb6 18. Qa1 Rfc8 19. Ra8 Rxa8 20. Qxa8+ Rc8 21. Qa3 Bf8 22. Qa1 Ne4 23. Rc1 Nxd2 24. Nxd2 Rxc1+ 25. Qxc1 Qxd4 26. Nf3 Qe4 27. Bf1 Qb1 28. Qc3 Bg7 29. Qe3 Bf6 30. h3 Kg7 31. g4 Be4 32. g5 Ba1 33. Nd2 Qc2 34. Nxe4 Qxe4 35. Qxe4 dxe4 36. Bg2 e3 37. fxe3 Be5 38. Kf2 b6 39. h4 h6 40. gxh6+ Kxh6 41. Bd5 e6 42. Bc6 Bd6 43. Kg2 Bb4 44. Kh3 Kg7 45. e4 Kf6 46. Kg4 Ke5 47. Be8 f5+ 48. exf5 gxf5+ 49. Kf3 Be7 50. h5 Bg5 51. Bd7 Bh6 52. Bc8 Kf6 53. Bd7 e5 54. Bc6 e4+ 55. Ke2 Ke5 56. Bb7 f4 57. Bc6 f3+ 58. Kf1 Kf4 59. Bb5 e3 60. Bc4 Bg5 61. Bb5 e2+ 62. Bxe2 fxe2+ 63. Kxe2 Kg4 64. Kd3 Kxh5 65. Kc4 Be3 66. Kd3 Bg1 67. Kc4 Kg4 68. b4 Kf5 69. b5 Ke4 70. Kb3 Kd4 0-1


[Site "https://www.chess.com"]

[Event "Titled Tuesday Blitz May 16 Early 2023"]
[White "Jovic, Stanoje"]
[Black "Harshavardhan G B"]
[WhiteFideId "905020"]
[BlackFideId "25059009"]
[WhiteElo "2236"]
[BlackElo "2323"]
[Result "0-1"]
[Round "05"]
[TimeControl "180+2"]
[Date "2023.05.16"]
[WhiteClock "0:01:07"]
[BlackClock "0:00:14"]

1. c4 Nf6 2. g3 e5 3. Bg2 d5 4. cxd5 Nxd5 5. Nf3 Nc6 6. O-O Nb6 7. Nc3 Be7 8. d4 exd4 9. Nb5 Bf6 10. Bf4 Nd5 11. Bg5 Bxg5 12. Nxg5 Qxg5 13. Bxd5 O-O 14. Bxc6 bxc6 15. Nxd4 Bh3 16. Re1 Rad8 17. Qa4 Qg4 18. f4 c5 19. Nf3 Qh5 20. Qc6 Bg4 21. Rad1 Bxf3 22. Qxf3 Qxf3 23. exf3 h6 24. Kf2 f6 25. f5 Kf7 26. h4 Rxd1 27. Rxd1 Ke7 28. Rd3 Rb8 29. b3 c4 30. Rc3 cxb3 31. axb3 Kd6 32. Rd3+ Kc6 33. Rc3+ Kb7 34. Re3 Kc6 35. Re7 Rxb3 36. Rxg7 a5 37. Rg8 Kb7 38. Re8 a4 39. g4 a3 40. Re1 a2 41. Ra1 Ra3 42. f4 Kc6 43. g5 Kd5 44. gxh6 Ra8 45. h7 Ke4 46. Rxa2 Rxa2+ 0-1


[Site "https://www.chess.com"]

[Event "Titled Tuesday Blitz May 16 Early 2023"]
[White "Tanmay Jain"]
[Black "Starozhilov, Leonid"]
[WhiteFideId "45015481"]
[BlackFideId "14106752"]
[WhiteElo "2032"]
[BlackElo "2352"]
[Result "0-1"]
[Round "05"]
[TimeControl "180+2"]
[Date "2023.05.16"]
[WhiteClock "0:00:00"]
[BlackClock "0:00:33"]

1. e4 g6 2. d4 Bg7 3. Nf3 d6 4. Bd3 Nf6 5. O-O O-O 6. c3 Nc6 7. d5 Nb8 8. Nbd2 e5 9. dxe6 Bxe6 10. h3 Nc6 11. Re1 d5 12. Qc2 Re8 13. exd5 Bxd5 14. Ne4 Nxe4 15. Bxe4 Rxe4 16. Rxe4 Bxe4 17. Qxe4 Qd1+ 18. Qe1 Qc2 19. Qd2 Qf5 20. Qf4 Rd8 21. Qxf5 Rd1+ 22. Kh2 gxf5 23. Nd2 a5 24. Nb3 Be5+ 25. f4 Bd6 26. Be3 Rd3 27. Bc1 a4 28. Nd4 Nxd4 29. cxd4 Rd1 30. Kg3 Bb4 31. b3 Bc3 32. Rb1 a3 33. Kf3 Bd2 34. Bxd2 Rxb1 35. Bb4 Rb2 36. Bxa3 Rxa2 37. Be7 Rb2 38. b4 Rb3+ 39. Kf2 h5 40. Ke2 f6 0-1


[Site "https://www.chess.com"]

[Event "Titled Tuesday Blitz May 16 Early 2023"]
[White "Osinovsky, Stepan"]
[Black "Papasimakopoulos, Alexandros"]
[WhiteFideId "4157354"]
[BlackFideId "4244125"]
[WhiteElo "2222"]
[BlackElo "2359"]
[Result "0-1"]
[Round "05"]
[TimeControl "180+2"]
[Date "2023.05.16"]
[WhiteClock "0:00:00"]
[BlackClock "0:01:15"]

1. Nf3 f5 2. g3 Nf6 3. Bg2 g6 4. O-O Bg7 5. d3 O-O 6. Nbd2 d6 7. e4 e5 8. c3 Nc6 9. a4 Kh8 10. a5 a6 11. Re1 f4 12. d4 fxg3 13. hxg3 Bg4 14. Qb3 Rb8 15. d5 Ne7 16. Ng5 h6 17. Ne6 Bxe6 18. dxe6 Nc6 19. Nc4 Qe8 20. Ne3 Nd8 21. Bh3 Nxe4 22. e7 Qxe7 23. Nd5 Qf7 24. Rxe4 c6 25. Re2 cxd5 26. Bg2 e4 27. Be3 Nc6 0-1


[Site "https://www.chess.com"]

[Event "Titled Tuesday Blitz May 16 Early 2023"]
[White "Eynullayev, Atilla"]
[Black "Lavrik, Dmitry"]
[WhiteFideId "13413570"]
[BlackFideId "24113190"]
[WhiteElo "2181"]
[BlackElo "2345"]
[Result "1-0"]
[Round "05"]
[TimeControl "180+2"]
[Date "2023.05.16"]
[WhiteClock "0:00:06"]
[BlackClock "0:00:08"]

1. d4 Nf6 2. c4 g6 3. Nc3 d5 4. cxd5 Nxd5 5. e4 Nxc3 6. bxc3 Bg7 7. Nf3 c5 8. Bb5+ Nc6 9. Rb1 Qa5 10. d5 Bxc3+ 11. Bd2 a6 12. Bxc6+ bxc6 13. dxc6 O-O 14. Bxc3 Qxc3+ 15. Qd2 Qc4 16. Qe3 Rd8 17. Ne5 Qe6 18. f4 f6 19. Nd3 c4 20. Nc5 Qxc6 21. O-O Be6 22. Rfc1 Bf7 23. e5 fxe5 24. fxe5 Rd5 25. Rxc4 Rad8 26. Rcc1 Qc8 27. e6 Be8 28. Nd7 Qa8 29. Nb6 Qa7 30. Nxd5 Qa8 31. Nf4 Rd6 32. Rf1 Bc6 33. Rbd1 Bxg2 34. Rxd6 Bxf1 35. Kxf1 exd6 36. e7 Qh1+ 37. Ke2 Qxh2+ 38. Kd3 Qxa2 39. e8=Q+ Kg7 40. Q3e7+ Kh6 41. Qh4+ Kg7 42. Qee7+ Kg8 43. Qhxh7# 1-0


[Site "https://www.chess.com"]

[Event "Titled Tuesday Blitz May 16 Early 2023"]
[White "Bettalli, Francesco"]
[Black "Arabidze, Meri"]
[WhiteFideId "2816453"]
[BlackFideId "13604040"]
[WhiteElo "2216"]
[BlackElo "2405"]
[Result "1-0"]
[Round "05"]
[TimeControl "180+2"]
[Date "2023.05.16"]
[WhiteClock "0:00:31"]
[BlackClock "0:00:00"]

1. d4 d5 2. Nc3 c6 3. Bf4 Nf6 4. a3 Nbd7 5. e3 Nb6 6. Nf3 Bg4 7. Be2 e6 8. O-O Be7 9. Ne5 Bxe2 10. Qxe2 O-O 11. f3 Nfd7 12. g4 Nxe5 13. Bxe5 Nc4 14. b3 Nxe5 15. dxe5 f6 16. exf6 Bxf6 17. Qd3 e5 18. Rad1 Qe7 19. e4 d4 20. Ne2 Bg5 21. Ng3 g6 22. Kg2 c5 23. c4 Kg7 24. b4 cxb4 25. axb4 Qxb4 26. Rb1 Qe7 27. Rb5 Rf7 28. Ne2 Be3 29. c5 Raf8 30. Nc3 Qg5 31. Nd5 h5 32. h3 Bf4 33. Rbb1 Kh7 34. Qe2 Rc8 35. Rb5 a6 36. Ra5 Rcf8 37. Raa1 Qh4 38. Qf2 Qxf2+ 39. Rxf2 Bg5 40. Ra3 Rc8 41. Rc2 Kg7 42. Rb3 hxg4 43. hxg4 Bd8 44. Nb4 Ba5 45. Nd3 Re7 46. Rcb2 Rcc7 47. Ra2 Bc3 48. Ra4 Kf6 49. Rb6+ Kf7 50. Rc4 Kg7 51. c6 Rxc6 52. Rcxc6 bxc6 53. Rxa6 Rb7 54. Rxc6 Rb1 55. Kh3 Rf1 56. Nxe5 g5 57. Rg6+ Kf8 58. Rxg5 Bd2 59. Rf5+ Kg7 60. g5 Be3 61. Ng4 Rh1+ 62. Kg2 Rg1+ 63. Kh2 Re1 64. Rd5 Bf4+ 65. Kg2 Re2+ 66. Kf1 Rd2 67. Nf6 Be3 68. Ng4 Bf4 69. e5 d3 70. e6 Rd1+ 71. Kg2 Rd2+ 72. Kh3 Kf8 73. Rd7 Bxg5 74. Ne5 Ke8 75. Kg4 Bf6 76. Nf7 Rg2+ 77. Kf5 d2 78. Kxf6 d1=Q 79. Rxd1 1-0


[Site "https://www.chess.com"]

[Event "Titled Tuesday Blitz May 16 Early 2023"]
[White "Titichoca Daza, Daniel"]
[Black "Borgaonkar Akshay"]
[WhiteFideId "3309550"]
[BlackFideId "25639110"]
[WhiteElo "2101"]
[BlackElo "2063"]
[Result "0-1"]
[Round "05"]
[TimeControl "180+2"]
[Date "2023.05.16"]
[WhiteClock "0:00:00"]
[BlackClock "0:00:14"]

1. b3 d5 2. Bb2 f6 3. f4 c5 4. Nf3 Nc6 5. e3 Nh6 6. Bb5 Nf7 7. O-O Bd7 8. c4 a6 9. Bxc6 Bxc6 10. d4 e6 11. cxd5 Bxd5 12. Nc3 cxd4 13. Nxd4 Bc5 14. f5 e5 15. Nxd5 exd4 16. e4 O-O 17. Bxd4 Bxd4+ 18. Qxd4 Re8 19. Rae1 Ne5 20. Re3 Rc8 21. Qa7 Ng4 22. Rg3 Rxe4 23. Qxb7 Rb8 24. Nxf6+ Kh8 25. Qxe4 Qb6+ 26. Kh1 Nf2+ 27. Rxf2 Qxf2 28. Rf3 Qxa2 29. h4 Qa1+ 30. Kh2 Qxf6 31. Rd3 h6 32. g3 Rc8 33. Qe6 Qf8 34. f6 gxf6 35. Rd7 Re8 36. Qf5 Re7 37. Rxe7 Qxe7 38. h5 Qe2+ 39. Kh3 Qe7 40. Qg6 Qd7+ 41. Kh4 Qd4+ 42. Kh3 Qd7+ 43. Kg2 Qb7+ 44. Kf2 Qb6+ 45. Ke2 Qe6+ 46. Kd3 Qxb3+ 47. Ke4 Qc2+ 48. Kd5 Qxg6 49. hxg6 Kg7 0-1


[Site "https://www.chess.com"]

[Event "Titled Tuesday Blitz May 16 Early 2023"]
[White "electrosaw"]
[Black "Sakun, Volodymyr"]
[BlackFideId "14114062"]
[WhiteElo "2474"]
[BlackElo "2318"]
[Result "0-1"]
[Round "05"]
[TimeControl "180+2"]
[Date "2023.05.16"]
[WhiteClock "0:01:53"]
[BlackClock "0:01:52"]

1. e4 g6 2. d4 Bg7 3. Nc3 d6 4. g3 e6 5. Bg2 Ne7 6. Nge2 O-O 7. Be3 b6 8. e5 d5 9. h4 h6 10. Qd2 Nf5 11. O-O-O c5 12. dxc5 Nxe3 13. Qxe3 bxc5 14. f4 Nd7 15. Nb5 Rb8 16. Nd6 Qb6 17. Qb3 Qa5 18. Qa3 Qxa3 19. bxa3 Ba6 20. Nc3 Nxe5 21. fxe5 Bxe5 22. Nxd5 Bb2+ 23. Kd2 exd5 24. h5 Rfd8 25. Nxf7 Kxf7 26. hxg6+ Kxg6 0-1


[Site "https://www.chess.com"]

[Event "Titled Tuesday Blitz May 16 Early 2023"]
[White "Fan_Of_Chucky"]
[Black "Skliarov, Viktor"]
[BlackFideId "14106736"]
[WhiteElo "2371"]
[BlackElo "2317"]
[Result "1/2-1/2"]
[Round "05"]
[TimeControl "180+2"]
[Date "2023.05.16"]
[WhiteClock "0:02:36"]
[BlackClock "0:01:41"]

1. d4 Nf6 2. c4 e6 3. Nf3 c5 4. d5 exd5 5. cxd5 d6 6. Nc3 g6 7. Bf4 a6 8. e4 Bg7 9. Qa4+ Bd7 10. Qb3 Bc8 11. Qa4+ Bd7 12. Qb3 Bc8 13. Qa4+ 1/2-1/2


[Site "https://www.chess.com"]

[Event "Titled Tuesday Blitz May 16 Early 2023"]
[White "I_KID_you_not"]
[Black "Demchenko, Anton"]
[BlackFideId "4160258"]
[WhiteElo "2330"]
[BlackElo "2545"]
[Result "0-1"]
[Round "05"]
[TimeControl "180+2"]
[Date "2023.05.16"]
[WhiteClock "0:00:29"]
[BlackClock "0:00:34"]

1. d4 Nf6 2. Nc3 d5 3. Bf4 c5 4. e4 Nxe4 5. Nxe4 dxe4 6. dxc5 Qa5+ 7. c3 Qxc5 8. Qa4+ Nc6 9. Qxe4 g6 10. Nf3 Bg7 11. Rd1 Be6 12. Qa4 O-O 13. Be2 a6 14. O-O b5 15. Qc2 Bf5 16. Bd3 Nb4 17. cxb4 Qxc2 18. Bxc2 Bxc2 19. Rd2 Be4 20. Be5 f6 21. Bc3 Rfd8 22. Rfd1 Rxd2 23. Rxd2 Kf7 24. Nd4 Rc8 25. f3 Bd5 26. a4 Bh6 27. Rd1 bxa4 28. Nf5 gxf5 29. Rxd5 Be3+ 30. Kf1 Bb6 31. Rd7 a3 32. Rd1 axb2 33. Bxb2 Rc2 34. Rd2 0-1


[Site "https://www.chess.com"]